 Dungeon Crawl Stone Soup version 0.23.1 (webtiles) character file.

Game seed: 0

6828 misha the Spear-Bearer (level 10, -6/94 HPs)
             Began as a Minotaur Berserker on Mar 18, 2019.
             Was a High Priest of Trog.
             Mangled by a yak (12 damage)
             ... on level 10 of the Dungeon.
             The game lasted 00:26:18 (9156 turns).

misha the Spear-Bearer (Minotaur Berserker)         Turns: 9156, Time: 00:26:19

Health: -6/94      AC:  9    Str: 26    XL:     10   Next: 77%
Magic:  9/9        EV: 12    Int:  4    God:    Trog [*****.]
Gold:   541        SH:  0    Dex: 13    Spells: 9/9 levels left

rFire    . . .     SeeInvis .   H - +1 war axe (elec)
rCold    . . .     Gourm    .   (no shield)
rNeg     . . .     Faith    .   q - +4 ring mail
rPois    .         Spirit   .   (helmet restricted)
rElec    .         Reflect  .   (no cloak)
rCorr    .         Harm     .   (no gloves)
MR       .....                  (no boots)
Stlth    +.........             (no amulet)
HPRegen  0.25/turn              r - +4 ring of dexterity
MPRegen  0.11/turn              (no ring)

@: berserk cooldown, slowed, very slow
A: retaliatory headbutt, horns 2
a: Berserk, Trog's Hand, Brothers in Arms, Renounce Religion


You were on level 10 of the Dungeon.
You worshipped Trog.
Trog was extremely pleased with you.
You were near starving.

You visited 1 branch of the dungeon, and saw 10 of its levels.

You collected 541 gold pieces.

Inventory:

Hand Weapons
 a - a +0 spear
 p - a +1 hand axe of draining
 H - a +1 war axe of electrocution (weapon)
Missiles
 o - 39 poisoned needles
 B - 2 needles of confusion
 E - 8 tomahawks (quivered)
 I - 2 throwing nets
Armour
 b - a +0 animal skin
 q - a +4 ring mail (worn)
 t - a +0 plate armour
Jewellery
 r - a +4 ring of dexterity (left hand)
 y - a cursed amulet of inaccuracy
Wands
 h - a wand of enslavement (10)
 s - a wand of iceblast (3)
 G - a wand of flame (15)
Scrolls
 d - 4 scrolls of teleportation
 e - a scroll of fear
 f - 3 scrolls of enchant weapon
 g - 4 scrolls of enchant armour
 i - 6 scrolls of remove curse
 j - 4 scrolls of blinking
 m - 2 scrolls of immolation
 w - 3 scrolls of fog
 C - 2 scrolls of magic mapping
 D - a scroll of random uselessness {unknown}
 F - a scroll of holy word {unknown}
 J - a scroll of brand weapon {unknown}
 L - a scroll of noise {unknown}
Potions
 k - a potion of mutation
 l - a potion of might
 n - 4 potions of brilliance {unknown}
 u - a potion of magic {unknown}
 v - 3 potions of haste
 z - a potion of flight
 A - 2 potions of invisibility
Comestibles
 c - 15 rations


   Skills:
 + Level 10.6 Fighting
 + Level 9.5(12.8) Axes
 * Level 13.9(14.9) Polearms
 - Level 2.4 Armour
 - Level 2.1 Dodging


You had 9 spell levels left.
You didn't know any spells.
Your spell library was empty.

Dungeon Overview and Level Annotations

Branches:
Dungeon (10/15)            Temple (0/1) D:6             Orc (0/2) D:9
   Lair: D:8-11

Altars:
Dithmenos
Okawaru
Vehumet
Xom
Yredelemnul


Innate Abilities, Weirdness & Mutations

You reflexively headbutt those who attack you in melee.
You have a pair of horns on your head.


Message History

The yak gores you!
* * * LOW HITPOINT WARNING * * *
It was a potion of curing.
You feel better. The orc warrior misses you. The yak misses you.
You furiously retaliate!
You headbutt the yak!
The orc warrior hits you from afar with a +0 glaive!
* * * LOW HITPOINT WARNING * * *
You feel better. The yak barely misses you.
The orc warrior hits you but does no damage.
The yak closely misses you. You furiously retaliate!
You headbutt the yak, but do no damage. The orc barely misses you.
The worker ant waves its antennae.
The orc warrior hits you from afar with a +0 glaive!
* * * LOW HITPOINT WARNING * * *
Your deep troll goes berserk!
You feel somewhat more hungry. The yak gores you but does no damage.
The orc hits you with a +0 flail.
* * * LOW HITPOINT WARNING * * *
The yak gores you!
You die...

#.......#
#.......##
##........#
#.........# ####
##.........# #..#
#..........###
##..#
#.....a.....###..##
#....oh..#..o#.##
#...@YoY.###.o###
#........# ###.h###
#.# ##### #Y.. #..#
... ..## .. .... ..
.... .


You could see 2 yaks, an orc warrior, a black bear, a worker ant, an orc and a
friendly deep troll (berserk).

Vanquished Creatures
  Harold (D:8)
  A two-headed ogre (D:8)
  The ghost of DMessenger the Spear-Bearer, a novice MiFi of Wu Jian (D:7)
  3 yaks
  A human (D:7)
  3 hogs (D:7)
  A hungry ghost (D:7)
  A water moccasin (D:5)
  Duvessa (D:5)
  An orc warrior (D:9)
  2 ice beasts (D:7)
  A phantom (D:8)
  3 sky beasts
  An eye of draining (D:8)
  3 ogres
  A centaur (D:6)
  7 bullfrogs
  Dowan (D:5)
  A wyvern zombie (D:8)
  A scorpion (D:9)
  A water moccasin skeleton (D:4)
  9 killer bees (D:9)
  3 wights (D:9)
  3 howler monkeys (D:9)
  4 crimson imps
  A quasit (D:8)
  2 bullfrog zombies
  A bullfrog skeleton (D:4)
  A hound (D:5)
  A centaur skeleton (D:6)
  2 gnoll shamans
  4 orc priests
  9 orc wizards
  Jessica (D:2)
  10 worker ants
  Robin (D:2)
  18 gnolls
  9 adders
  2 shadow imps
  2 oozes
  An adder skeleton (D:7)
  3 adder zombies
  3 worms (D:2)
  2 dart slugs (D:2)
  6 leopard geckos
  21 orcs
  2 giant cockroaches
  12 goblins
  7 hobgoblins
  16 jackals
  2 quokkas
  A ball python (D:2)
  6 bats
  5 frilled lizards
  7 kobolds
  12 rats
225 creatures vanquished.

Notes
Turn   | Place    | Note
-------+----------+-------------------------------------------
     0 | D:1      | misha the Minotaur Berserker began the quest for the Orb.
     0 | D:1      | Reached XP level 1. HP: 19/19 MP: 0/0
   135 | D:1      | Reached skill level 4 in Polearms
   143 | D:1      | Reached XP level 2. HP: 27/27 MP: 1/1
   223 | D:1      | Reached ** piety under Trog
   381 | D:1      | Reached XP level 3. HP: 32/33 MP: 2/2
   472 | D:1      | Reached skill level 5 in Polearms
   922 | D:2      | Noticed Jessica
   943 | D:2      | Killed Jessica
   943 | D:2      | Reached XP level 4. HP: 41/41 MP: 3/3
   983 | D:2      | Reached skill level 1 in Axes
  1009 | D:2      | Reached *** piety under Trog
  1247 | D:2      | Noticed Robin
  1254 | D:2      | Killed Robin
  1254 | D:2      | Reached XP level 5. HP: 39/47 MP: 4/4
  1390 | D:2      | Reached skill level 6 in Polearms
  1584 | D:3      | Reached skill level 5 in Fighting
  1636 | D:3      | You fall through a shaft for 2 floors!
  1636 | D:5      | Entered Level 5 of the Dungeon
  1658 | D:5      | Noticed Duvessa
  1682 | D:5      | Noticed Dowan
  1697 | D:5      | Killed Duvessa
  1697 | D:5      | Reached XP level 6. HP: 56/56 MP: 5/5
  1699 | D:5      | Killed Dowan
  1699 | D:5      | Reached skill level 7 in Polearms
  1819 | D:5      | Noticed a sky beast
  2019 | D:4      | Reached XP level 7. HP: 53/62 MP: 6/6
  2055 | D:3      | Reached **** piety under Trog
  2824 | D:4      | Reached skill level 8 in Polearms
  3166 | D:4      | Found a radiant altar of Vehumet.
  3599 | D:4      | Got a colourful robe
  3759 | D:5      | Reached skill level 9 in Polearms
  3759 | D:5      | Reached XP level 8. HP: 71/71 MP: 7/7
  3826 | D:5      | Reached skill level 5 in Axes
  4237 | D:5      | Identified the cursed +1 robe of Qihas {Dex+3} (You found
                  | it on level 4 of the Dungeon)
  4503 | D:6      | Found a staircase to the Ecumenical Temple.
  4605 | D:6      | Reached skill level 10 in Polearms
  5174 | D:7      | Reached XP level 9. HP: 79/81 MP: 8/8
  5313 | D:7      | Found an iron altar of Okawaru.
  5322 | D:7      | Found a shimmering altar of Xom.
  5387 | D:7      | Reached skill level 11 in Polearms
  5857 | D:7      | Found a runed translucent gate.
  5858 | D:7      | Found a runed translucent gate.
  5859 | D:7      | Found a runed translucent gate.
  5859 | D:7      | Noticed DMessenger's ghost (novice MiFi)
  6183 | D:7      | Found a basalt altar of Yredelemnul.
  6336 | D:7      | Killed DMessenger's ghost
  6336 | D:7      | Reached skill level 12 in Polearms
  6410 | D:8      | Noticed a two-headed ogre
  6426 | D:8      | Killed a two-headed ogre
  6426 | D:8      | Reached XP level 10. HP: 19/91 MP: 9/9
  6829 | D:8      | Noticed Harold
  6840 | D:8      | Killed Harold
  6847 | D:8      | Reached skill level 13 in Polearms
  7048 | D:8      | Found a shadowy altar of Dithmenos.
  7109 | D:8      | Reached skill level 10 in Fighting
  7147 | D:8      | Reached ***** piety under Trog
  8174 | D:9      | Found a staircase to the Orcish Mines.
  9097 | D:10     | Entered Level 10 of the Dungeon
  9135 | D:10     | Received a gift from Trog
  9156 | D:10     | Mangled by a yak

Skill      XL: |  1  2  3  4  5  6  7  8  9 10 |
---------------+-------------------------------+-----
Polearms       | 4 5 6 7 9 10 12 13 | 13.9
Fighting       | 4 5 6 8 9 10 | 10.6
Axes           | 1 2 3 4 6 8 9 |  9.5
Armour         | |  2.4
Dodging        | |  2.1

Action                   |  1- 3 |  4- 6 |  7- 9 | 10-12 || total
-------------------------+-------+-------+-------+-------++-------
Melee: Spear             |    84 |       |       |       ||    84
       Headbutt          |    10 |    15 |    56 |    31 ||   112
       Hand axe          |    25 |    85 |   128 |       ||   238
       War axe           |       |       |    60 |   137 ||   197
Invok: Berserk           |       |     2 |     4 |     2 ||     8
       Brothers in Arms  |       |       |       |     1 ||     1
  Use: Scroll            |     3 |     1 |     6 |     9 ||    19
       Potion            |       |       |     2 |     2 ||     4
 Stab: Sleeping          |     2 |       |       |       ||     2
  Eat: Chunk             |       |     5 |    15 |     2 ||    22
       Ration            |       |       |     1 |     2 ||     3
Armor: Animal skin       |    12 |     4 |       |       ||    16
       Plate armour      |       |    16 |    47 |       ||    63
       Ring mail         |       |       |    18 |    41 ||    59
Dodge: Dodged            |    55 |    46 |    79 |    69 ||   249
